 Dungeon Crawl Stone Soup version 0.20.1-1-g8b1a95d (webtiles) character file.

38 Firecrotchwizard the Magician (level 3, 0/26 HPs)
             Began as a Draconian Wizard on Oct 24, 2017.
             Slain by a gnoll
             ... wielding a +0 spear
              (1 damage)
             ... on level 2 of the Dungeon.
             The game lasted 00:05:02 (1380 turns).

Firecrotchwizard the Magician (Draconian Wizard)    Turns: 1380, Time: 00:05:03

Health: 0/26       AC:  5    Str:  9    XL:     3   Next: 25%
Magic:  3/7        EV: 11    Int: 19    God:
Gold:   62         SH:  0    Dex:  9    Spells: 2/8 levels left

rFire    . . .     SeeInvis .   d - +0 dagger (venom)
rCold    . . .     Gourm    .   (no shield)
rNeg     . . .     Faith    .   (armour unavailable)
rPois    .         Spirit   .   a - +0 hat
rElec    .         Reflect  .   (no cloak)
rCorr    .         Harm     .   (no gloves)
MR       .....                  (no boots)
Stlth    ++........             (no amulet)
Regen    0.1/turn               l - ring of stealth {Stlth+}
MPRegen  0.1/turn               (no ring)

@: heavily drained
A: unfitting armour, cold-blooded, AC +5
a: no special abilities


You were on level 2 of the Dungeon.
You were not hungry.

You visited 1 branch of the dungeon, and saw 2 of its levels.

You collected 62 gold pieces.

Inventory:

Hand Weapons
 d - a +0 dagger of venom (weapon)
   (You took it off a goblin on level 1 of the Dungeon)
 i - a +0 antimagic dagger
   (You took it off a goblin on level 1 of the Dungeon)
 j - a +0 mace
   (You found it on level 1 of the Dungeon)
Armour
 a - a +0 hat (worn)
Jewellery
 l - a ring of stealth (left hand) {Stlth+}
   (You found it on level 1 of the Dungeon)
Scrolls
 f - a scroll of remove curse
Potions
 e - a potion of haste {unknown}
 k - a potion of lignification {unknown}
 m - a potion of flight {unknown}
Books
 b - a book of Minor Magic
Comestibles
 c - 3 bread rations {@e1}
 g - 2 chunks of flesh {@w0}
 h - a royal jelly
 n - 3 fruits


   Skills:
 - Level 1.7(0.2) Dodging
 - Level 1.7(0.2) Stealth
 + Level 3.2(1.5) Spellcasting
 * Level 3.0(1.3) Conjurations
   Level 1.0(0.0) Summonings
 - Level 1.0(0.0) Translocations


You had 2 spell levels left.
You knew the following spells:

 Your Spells              Type           Power        Failure   Level  Hunger
a - Magic Dart            Conj           #...         10%         1    #......
b - Blink                 Tloc           N/A          26%         2    ###....
x - Mephitic Cloud        Conj/Pois/Air  #.......     41%         3    ###....


Dungeon Overview and Level Annotations

Branches:
Dungeon (2/15)

Altars:
Xom


Innate Abilities, Weirdness & Mutations

Your plain brown scales are hard. (AC +5)
You cannot fit into any form of body armour.
You are cold-blooded and may be slowed by cold attacks.


Message History

You see here a quokka skeleton. x2
c - 3 bread rations {@e1} (gained 1)
A rat comes into view.
You hit the rat but do no damage.
The rat is poisoned.
The rat bites you but does no damage.
You closely miss the rat.
You kill the rat!
No target in view!
You now have 57 gold pieces (gained 9).
m - a blackened copper amulet
m - an amulet of harm (around neck) Really remove
m - an amulet of harm?
You remove your amulet of harm.
The amulet drains your life force as you remove it!
You feel drained.
You drop an uncursed amulet of harm.
m - a white potion You now have 62 gold pieces (gained 5).
You see here 12 arrows.
n - 3 fruits You see here 24 arrows.
A kobold comes into view.
The kobold shouts!
Aim: a kobold The magic dart hits the kobold.
A frilled lizard and a goblin come into view.
You now have 6/7 mp.
Aim: a kobold (severely wounded)
The magic dart hits the kobold.
You kill the kobold!
The frilled lizard hisses angrily.
The goblin shouts!
You now have 5/7 mp.
The frilled lizard bites you but does no damage.
A rat comes into view.
You closely miss the frilled lizard. The frilled lizard misses you.
You hit the frilled lizard.
You kill the frilled lizard!
The goblin unwields an uncursed club.
The goblin wields a hunting sling.
The goblin shoots a stone.
The stone barely misses you.
The goblin shoots a stone.
The stone hits you.
You see here a stone.
You take 4 damage, and have 22/26 hp.
You hit the goblin but do no damage.
The goblin is poisoned.
The goblin unwields an uncursed hunting sling.
The goblin wields an uncursed club.
The goblin closely misses you.
You hit the goblin.
The goblin looks as sick as possible!
You kill the goblin!
You hit the rat but do no damage. The rat bites you.
You take 1 damage, and have 22/26 hp.
You hit the rat. The rat bites you but does no damage.
You hit the rat.
You kill the rat!
Your base Conjurations skill increases to level 3!
No target in view!
You start resting.
Health restored: 26; MP restored: 7
Items here: ( )) †† an uncursed club; an uncursed hunting sling; 23 stones; a rat corpse a goblin corpse You butcher the rat corpse.
g - 2 chunks of flesh {@w0} (gained 1)
You butcher the goblin corpse.
g - 3 chunks of flesh {@w0} (gained 1)
Things that are here:
an uncursed club; an uncursed hunting sling; 23 stones
Things that are here:
an uncursed club; an uncursed hunting sling; 23 stones You see here a kobold corpse.
Some of the chunks of flesh in your inventory have rotted away. 3 gnolls come into view.
The gnoll shouts! x2
Aim: a gnoll, wielding a spear The magic dart hits the gnoll.
You now have 6/7 mp.
Aim: a gnoll, wielding a spear The magic dart hits the gnoll.
The gnoll hits you with a whip.
You take 3 damage, and have 23/26 hp.
You now have 5/7 mp.
You hit the gnoll. The gnoll hits you with a whip!
The gnoll hits you from afar with a spear.
You take 10 damage, and have 13/26 hp.
MASSIVE DAMAGE!!
You barely miss the gnoll. You tail-slap the gnoll.
The gnoll barely misses you. The gnoll completely misses you.
Aim: a gnoll, wielding a spear The magic dart hits the gnoll.
You now have 4/7 mp.
Aim: a gnoll, wielding a spear (lightly wounded)
The magic dart hits the gnoll.
The gnoll hits you from afar with a spear.
You take 6 damage, and have 8/26 hp.
MASSIVE DAMAGE!!
You now have 3/7 mp.
Aim: a gnoll, wielding a spear (lightly wounded)
The magic dart hits the gnoll.
The gnoll hits you but does no damage. The gnoll hits you with a whip!
* * * LOW HITPOINT WARNING * * *
You take 7 damage, and have 1/26 hp.
MASSIVE DAMAGE!!
You barely miss the gnoll. The gnoll hits you with a spear.
You die...

# ##.####### # #....#
.# . ####.# ##.###
#.# .....# #.# g....#
#.# g....# #.######
.....#
#.##..g#######.....#
#......@g.g....#
####...#######......#
##### .[....# .......
#.....# .....# ##..##
...


You could see 3 gnolls.

Vanquished Creatures
  A leopard gecko (D:1)
  A ball python (D:1)
  3 bats (D:1)
  4 giant cockroaches (D:1)
  5 hobgoblins
  2 jackals (D:1)
  3 kobolds
  A quokka (D:2)
  5 frilled lizards
  5 goblins
  4 rats
34 creatures vanquished.

Notes
Turn   | Place    | Note
-------+----------+-------------------------------------------
     0 | D:1      | Firecrotchwizard the Draconian Wizard began the quest for the Orb.
     0 | D:1      | Reached XP level 1. HP: 14/14 MP: 4/4
   193 | D:1      | Reached skill level 2 in Conjurations
   267 | D:1      | Reached XP level 2. HP: 20/20 MP: 3/6
   275 | D:1      | Learned a level 2 spell: Blink
   423 | D:1      | Found a shimmering altar of Xom.
   943 | D:1      | Reached XP level 3. HP: 26/26 MP: 5/7
   997 | D:1      | Learned a level 3 spell: Mephitic Cloud
  1265 | D:2      | Reached skill level 3 in Conjurations
  1379 | D:2      | HP: 1/26 [gnoll/whip (7)]
  1380 | D:2      | Slain by a gnoll

Skill      XL: |  1  2  3 |
---------------+----------+-----
Conjurations   | 2 3 |  3.0
Dodging        | |  1.7
Stealth        | |  1.7
Spellcasting   | |  3.2
Summonings     | |  1.0
Translocations | |  1.0

Action                   || total
-------------------------++-------
Melee: Mace              ||     4
       Dagger            ||    30
       Tailslap          ||     1
 Cast: Magic Dart        ||    58
  Use: Scroll            ||     4
 Stab: Sleeping          ||     1
  Eat: Chunk             ||     1
Armor: Skin              ||     6
Dodge: Dodged            ||    23

Vault maps used:
D:1:      minmay_arrival_arboretum_small, xom_teletrap_fun
D:2:      tgw_trog, first_bread, uniq_natasha

Table legend:
 A = Turns spent in this place as a percentage of turns spent in the entire game.
 B = Non-inter-level travel turns spent in this place as a percentage of non-inter-level travel turns spent in the entire game.
 C = Inter-level travel turns spent in this place as a percentage of turns spent in this place.
 D = Turns resting spent in this place as a percentage of non-inter-level travel turns spent in this place.
 E = Turns spent auto-exploring this place as a percentage of non-inter-level travel turns spent in this place.
 F = Non-inter-level travel turns spent in this place divided by the number of levels of this place that you've seen.
                   A       B       C       D       E      F
               +-------+-------+-------+-------+-------+----------------------
         Total | 100.0 | 100.0 |   0.6 |  16.1 |  15.1 | 155.5
       Dungeon | 100.0 | 100.0 |   0.6 |  16.1 |  15.1 | 155.5
               +-------+-------+-------+-------+-------+----------------------

Table legend:
 A = Kills in this place as a percentage of kills in entire the game.
 B = Kills by you in this place as a percentage of kills by you in the entire game.
 C = Kills by friends in this place as a percentage of kills by friends in the entire game.
 D = Other kills in this place as a percentage of other kills in the entire game.
 E = Experience gained in this place as a percentage of experience gained in the entire game.
 F = Experience gained in this place divided by the number of levels of this place that you have seen.
                   A       B       C       D       E      F
               +-------+-------+-------+-------+-------+----------------------
         Total | 100.0 | 100.0 |  -nan |  -nan | 100.0 |  27.5
       Dungeon | 100.0 | 100.0 |  -nan |  -nan | 100.0 |  27.5
               +-------+-------+-------+-------+-------+----------------------
